Map: Catallena LE (Void)

Players

Yata - Winner!

  • Race: Zerg Zerg
  • Spawn Location: 12:00

UFLclutch

  • Race: Zerg Zerg
  • League: Silver
  • Spawn Location: 5:00

VOD

Have the link to the VOD?

Description

Time

  • Played on: July 18, 2017, 4:59 p.m.
  • Length: 13:38
Show
View Real Time Build Order
Export as new Build Order

Yata Zerg - Winner!

Build Orders: Hatch First 

Get SALT Encoding   

  12  0:01  Drone  
  13  0:14  Overlord  
  13  0:18  Drone  
  14  0:32  Drone  
  14  0:34  Drone  
  16  0:36  Drone  
  17  0:56  Hatchery  
  16  0:59  Drone  
  16  1:00  Drone  
  18  1:13  Extractor  
  17  1:19  Spawning Pool  
  17  1:20  Drone  
  17  1:24  Drone  
  18  1:29  Drone  
  19  1:42  Overlord  
  19  1:51  Drone  
  20  2:14  Zergling x4  
  22  2:22  Queen  
  22  2:23  Queen  
  22  2:25  Metabolic Boost  
  26  2:44  Drone  
  26  2:45  Drone x5  
  32  3:09  Overlord x2  
  32  3:21  Baneling Nest  
  32  3:25  Drone x3  
  32  3:26  Drone  
  35  3:34  Queen  
  35  3:40  Zergling x10  
  42  3:45  Hatchery  
  40  4:10  Pneumatized Carapace  
  40  4:24  Zergling x10  
  41  4:25  Zergling x2  
  42  4:57  Lair  
  42  5:04  Baneling x3  
  42  5:08  Drone x2  
  42  5:09  Drone x12  
  51  5:35  Zergling x14  
  53  5:36  Zergling x2  
  53  5:42  Roach Warren  
  57  5:46  Evolution Chamber  
  55  5:59  Queen  
  55  6:02  Overlord x3  
  57  6:20  Queen x2  
  61  6:26  Roach x7  
  61  6:30  Baneling  
  75  6:44  Zergling x2  
  75  6:45  Zergling x12  
  78  7:09  Hatchery  
  66  7:23  Roach x4  
  74  7:45  Extractor  
  73  7:58  Zergling x2  
  74  7:59  Zergling x14  
  81  8:22  Zergling x2  
  81  8:23  Zergling x10  
  81  8:25  Overlord x3  
  87  8:54  Ravager x3  
  90  9:00  Roach  
  90  9:01  Roach  
  94  9:17  Zergling x12  
  94  9:18  Zergling x22  
  94  9:22  Baneling  
  94  9:23  Baneling x3  
  111  9:41  Extractor  
  111  9:44  Extractor  
  109  9:45  Extractor  
  108  10:39  Ravager x3  
  108  10:41  Overlord x4  
  111  10:58  Glial Reconstitution, Zerg Missile Weapons Level 1  
  111  11:20  Spire  
  110  11:34  Drone x8  
  110  11:35  Drone x6  
  124  11:50  Drone  
  124  11:51  Drone x11  
  124  11:52  Drone x4  
  140  12:03  Spore Crawler  
  140  12:07  Spore Crawler  
  138  12:12  Spore Crawler  
  138  12:15  Spore Crawler x2  
  135  12:16  Spore Crawler  
  134  12:23  Spore Crawler x2  
Show
View Real Time Build Order
Export as new Build Order

UFLclutch Zerg 

Build Orders: Hatch First 

Get SALT Encoding   

  12  0:06  Drone  
  13  0:10  Drone  
  14  0:19  Overlord  
  14  0:44  Hatchery  
  13  1:02  Spawning Pool  
  13  1:03  Drone  
  13  1:09  Drone  
  14  1:12  Drone  
  15  1:24  Drone  
  16  1:31  Extractor  
  15  1:37  Extractor, Drone x2  
  17  1:54  Zergling x2  
  17  1:56  Queen  
  17  1:59  Zergling x2  
  20  2:03  Zergling x2  
  21  2:26  Drone x2  
  21  2:28  Queen  
  25  2:32  Queen  
  25  2:36  Drone  
  28  2:44  Overlord  
  28  3:03  Queen  
  30  3:24  Drone x3  
  33  3:34  Roach Warren  
  32  3:47  Drone  
  33  3:52  Drone x3  
  36  3:56  Overlord  
  32  4:50  Roach x5  
  32  4:51  Roach  
  44  4:58  Overlord x3  
  36  5:37  Drone x4  
  40  5:47  Drone  
  40  5:48  Drone x2  
  43  5:53  Metabolic Boost  
  43  5:57  Lair  
  43  6:02  Roach x2  
  47  6:15  Evolution Chamber  
  47  6:17  Roach  
  48  6:19  Drone x3  
  48  6:25  Extractor  
  50  6:26  Extractor  
  49  6:34  Spine Crawler  
  48  6:41  Spine Crawler  
  48  6:42  Roach  
  48  6:43  Roach  
  51  6:53  Zergling x4  
  51  6:54  Zergling x6  
  52  7:25  Zergling x2  
  52  7:26  Zergling x8  
  57  7:30  Drone x2  
  57  7:31  Drone x3  
  62  8:01  Drone x2  
  62  8:02  Drone  
  65  8:06  Zerg Melee Weapons Level 1  
  65  8:16  Roach  
  67  8:20  Drone  
  67  8:23  Overlord x3  
  68  8:40  Queen x2  
  72  8:57  Zergling x10  
  72  9:00  Roach x2  
  72  9:01  Roach x2  
  85  9:14  Spire  
  85  9:16  Queen x2  
  88  9:18  Baneling Nest  
  87  9:30  Drone x2  
  87  9:31  Drone  
  90  9:36  Drone x2  
  92  9:50  Glial Reconstitution  
  92  10:30  Zerg Flyer Weapons Level 1  
  92  10:42  Overlord  
  92  10:43  Overlord x5  
  92  11:00  Queen x2  
  96  11:06  Mutalisk x2  
  96  11:09  Mutalisk x6  
  112  11:19  Centrifical Hooks  
  112  11:23  Baneling  
  112  11:24  Baneling x7  
  112  11:25  Baneling x2  
  112  11:33  Mutalisk x2  
  112  11:36  Queen x2  
  120  12:06  Corruptor x2  
  120  12:07  Corruptor  
  126  12:12  Queen x2  
  109  12:44  Zergling x6  
  109  12:49  Zergling x10  
  109  12:50  Zergling x2  
Tags
 
League
Silver
Matchup
ZvZ
Race
Zerg
Replay Pack
Pack 1
Spawn Locations
Cross Positions
Add a new tag
Caveats
  • Supply blocks, unpowered buildings, or Contaminate may cause inaccurate times.
  • Supply counts are checked every 10 seconds.